Map: At Eternity's Edge LE

Players

RioTGiRL - Winner!

  • Race: Zerg Zerg
  • League: Diamond
  • Spawn Location: 11:00

A.I. 1 (Elite)

  • Race: Protoss Protoss
  • Spawn Location: 5:00

VOD

Have the link to the VOD?

Description

ZvP 2 Base Nydus Ravager All-In

Time

  • Played on: July 1, 2026, 3:30 a.m.
  • Length: 7:09
Show
View Real Time Build Order
Export as new Build Order

RioTGiRL Zerg - Winner!

Build Orders: Pool First 

Get SALT Encoding   

  8  0:00  Drone  
  9  0:10  Drone  
  10  0:16  Drone  
  11  0:22  Drone  
  12  0:33  Overlord  
  12  0:41  Extractor, Drone  
  13  0:51  Drone  
  13  0:52  Drone  
  15  1:00  Drone  
  16  1:09  Spawning Pool  
  15  1:12  Drone  
  16  1:21  Drone  
  17  1:31  Drone  
  18  1:43  Extractor, Drone  
  18  1:50  Hatchery  
  17  1:58  Zergling x2  
  18  2:01  Overlord  
  18  2:08  Queen  
  20  2:25  Drone x2  
  22  2:33  Drone  
  23  2:46  Hatchery  
  22  2:52  Zergling x4  
  22  2:58  Metabolic Boost  
  24  3:03  Drone  
  25  3:05  Drone  
  25  3:14  Drone x2  
  27  3:20  Drone  
  27  3:22  Drone  
  29  3:29  Lair  
  29  3:36  Drone x2  
  29  3:40  Overlord  
  31  3:42  Drone  
  32  3:57  Roach Warren  
  32  3:58  Drone x2  
  32  3:59  Drone  
  32  4:00  Drone  
  35  4:03  Drone  
  35  4:09  Drone x2  
  38  4:14  Queen  
  40  4:17  Drone  
  40  4:19  Drone  
  42  4:24  Extractor  
  42  4:26  Extractor, Drone x2  
  42  4:29  Overlord  
  42  4:35  Nydus Network  
  41  4:40  Drone x2  
  41  4:41  Zergling x2  
  41  4:42  Overlord  
  44  4:48  Drone x2  
  44  4:49  Drone  
  44  4:50  Overseer  
  47  4:56  Queen  
  49  5:00  Roach  
  49  5:03  Roach  
  53  5:10  Queen  
  55  5:16  Roach x2  
  55  5:17  Overlord  
  59  5:21  Zergling x2  
  59  5:27  Overlord  
  58  5:29  Overlord  
  58  5:32  Ravager  
  58  5:34  Roach  
  60  5:38  Roach x3  
  60  5:39  Ravager x2  
  68  5:46  Zergling x8  
  68  5:48  Zergling x2  
  73  5:55  Nydus Canal  
  73  5:58  Zergling x8  
  73  6:03  Ravager  
  78  6:05  Ravager  
  78  6:09  Zergling x10  
  84  6:16  Overlord  
  84  6:19  Overlord x2  
  83  6:29  Zergling x2  
  83  6:31  Roach  
  82  6:32  Queen  
  80  6:42  Roach  
  80  6:44  Roach  
  81  6:47  Roach  
  81  6:49  Roach  
  86  6:59  Ravager  
  91  7:04  Ravager x2  
Show
View Real Time Build Order
Export as new Build Order

A.I. 1 (Elite) Protoss 

Build Orders:  

Get SALT Encoding   

  8  0:00  Probe  
  9  0:13  Probe  
  10  0:25  Probe  
  11  0:37  Probe  
  12  0:48  Pylon  
  12  0:49  Probe  
  13  1:02  Probe  
  13  1:10  Gateway, Probe  
  15  1:18  Assimilator  
  15  1:20  Probe  
  16  1:32  Probe  
  17  1:34  Pylon  
  17  1:44  Probe  
  18  1:56  Probe  
  19  2:02  Cybernetics Core, Zealot  
  19  2:04  Probe  
  22  2:12  Probe  
  22  2:22  Probe  
  23  2:29  Warp Gate  
  24  2:34  Probe  
  25  2:42  Nexus  
  25  2:46  Probe  
  26  2:58  Stalker  
  28  2:59  Probe  
  29  3:05  Pylon  
  29  3:23  Probe  
  29  3:24  Gateway  
  29  3:26  Assimilator  
  30  3:30  Adept  
  32  3:35  Probe  
  33  3:41  Pylon  
  33  3:47  Probe  
  34  3:54  Probe  
  34  3:55  Adept  
  35  4:00  Probe  
  36  4:06  Probe  
  36  4:07  Robotics Facility  
  39  4:12  Probe  
  40  4:18  Probe  
  40  4:19  Adept  
  40  4:24  Probe  
  44  4:30  Probe  
  45  4:34  Adept  
  45  4:36  Probe  
  48  4:42  Adept, Probe  
  51  4:48  Probe  
  52  4:54  Probe  
  52  4:56  Adept  
  52  4:58  Robotics Bay  
  52  4:59  Pylon  
  55  5:00  Probe  
  55  5:01  Observer  
  55  5:06  Probe  
  58  5:10  Robotics Facility  
  58  5:17  Pylon, Probe, Stalker  
  58  5:18  Probe  
  62  5:24  Stalker  
  64  5:29  Probe  
  64  5:30  Pylon, Probe  
  66  5:44  Stalker  
  66  5:45  Probe  
  66  5:46  Zealot  
  66  5:47  Assimilator  
  66  5:48  Probe  
  72  5:53  Twilight Council  
  72  5:54  Assimilator, Probe  
  73  6:00  Pylon  
  73  6:05  Probe  
  73  6:10  Probe  
  74  6:12  Gateway  
  74  6:16  Probe  
  75  6:19  Probe  
  70  6:27  Probe  
  70  6:28  Probe  
  67  6:36  Zealot  
  67  6:37  Pylon  
  63  6:42  Dark Shrine  
  63  6:43  Probe  
  44  6:58  Stalker  
  41  7:05  Zealot  
Tags
 
Add a new tag
Caveats
  • Supply blocks, unpowered buildings, or Contaminate may cause inaccurate times.
  • Supply counts are checked every 10 seconds.